 Dungeon Crawl Stone Soup version 0.26.1-11-gd32895ea62 (webtiles) character file.

Game seed: 4167187705714759383

924 phalm the Conjurer (level 8, 0/58 HPs)
             Began as a Gnoll Conjurer on June 7, 2021.
             Killed from afar by a white imp (10 damage)
             ... with a puff of frost
             ... on level 5 of the Dungeon.
             The game lasted 00:06:11 (3749 turns).

phalm the Conjurer (Gnoll Conjurer)                 Turns: 3749, Time: 00:06:11

Health: 0/58       AC:  3    Str:  9    XL:     8   Next: 10%
Magic:  2/16       EV: 15    Int: 23    God:
Gold:   248        SH:  0    Dex: 14    Spells: 7/18 levels left

rFire    . . .     SeeInvis .   p - +2 quarterstaff (chaos)
rCold    . . .     Faith    .   (shield currently unavailable)
rNeg     . . .     Spirit   .   a - +0 robe
rPois    .         Reflect  .   (no helmet)
rElec    .         Harm     .   o - +0 cloak
rCorr    .         Rampage  .   (no gloves)
Will     .....                  (no boots)
Stlth    +++.......             g - amulet of magic regeneration
HPRegen  0.19/turn              Z - ring of wizardry
MPRegen  0.40/turn              (no ring)

@: very slightly contaminated
A: distributed training, fangs 1, strong nose
a: no special abilities


You were on level 5 of the Dungeon.
You visited 1 branch of the dungeon, and saw 5 of its levels.

You collected 248 gold pieces.


Innate Abilities, Weirdness & Mutations

Your experience applies equally to all skills.
You have very sharp teeth.
Your uncanny sense of smell can sniff out nearby items.


   Skills:
 + Level 3.0 Fighting
 + Level 3.0 Short Blades
 + Level 3.0 Long Blades
 + Level 3.0 Axes
 + Level 3.0 Maces & Flails
 + Level 3.0 Polearms
 + Level 3.0 Staves
 + Level 3.0 Slings
 + Level 3.0 Bows
 + Level 3.0 Crossbows
 + Level 3.0 Throwing
 + Level 3.0 Armour
 + Level 5.5 Dodging
 + Level 5.2 Stealth
 + Level 3.0 Shields
 + Level 3.0 Unarmed Combat
 + Level 5.8 Spellcasting
 + Level 7.5 Conjurations
 + Level 2.4 Hexes
 + Level 2.4 Summonings
 + Level 2.4 Necromancy
 + Level 2.4 Translocations
 + Level 2.4 Transmutations
 + Level 2.4 Fire Magic
 + Level 2.4 Ice Magic
 + Level 2.4 Air Magic
 + Level 2.4 Earth Magic
 + Level 2.4 Poison Magic
 + Level 3.2 Invocations
 + Level 3.0 Evocations


You had 7 spell levels left.
You knew the following spells:

 Your Spells              Type           Power        Failure   Level
f - Fulminant Prism       Conj/Hex       14%          4%          4
m - Magic Dart            Conj           100%         1%          1
s - Searing Ray           Conj           82%          1%          2
X - Iskenderun's Mystic   Conj/Tloc      29%          4%          4

Your spell library contained the following spells:

 Spells                   Type           Power        Failure   Level
 Dazzling Flash           Conj/Hex       58%          1%          3
 Confusing Touch          Hex            17%          4%          3
 Gell's Gravitas          Tloc           8%           4%          3
 Petrify                  Tmut/Erth      17%          13%         4
 Metabolic Englaciation   Hex/Ice        8%           32%         5
 Yara's Violent Unravell  Hex/Tmut       8%           32%         5

Inventory:

Hand Weapons
 c - a +1 dagger of venom
   (You took it off a goblin on level 1 of the Dungeon)
 p - a +2 quarterstaff of chaos (weapon)
   (You took it off Crazy Yiuf on level 2 of the Dungeon)
 w - a +2 whip of holy wrath
   (You took it off an orc on level 4 of the Dungeon)
Missiles
 i - 22 bolts
 v - 5 boomerangs
 y - 27 sling bullets
Armour
 a - a +0 robe (worn)
 j - a +0 kite shield
   (You found it on level 2 of the Dungeon)
 o - a +0 cloak (worn)
   (You took it off Crazy Yiuf on level 2 of the Dungeon)
Jewellery
 g - an amulet of magic regeneration (around neck)
   (You found it on level 1 of the Dungeon)
 Z - a ring of wizardry (left hand)
   (You found it on level 3 of the Dungeon)
Wands
 s - a wand of paralysis (7)
   (You found it on level 4 of the Dungeon)
Scrolls
 b - 4 scrolls of teleportation {unknown}
 f - 7 scrolls of identify {unknown}
 l - 2 scrolls of remove curse {unknown}
 m - 2 scrolls of enchant armour {unknown}
 r - a scroll of enchant weapon {unknown}
 t - 2 scrolls of amnesia {unknown}
 x - 3 scrolls of fear {unknown}
Potions
 d - a potion of mutation {unknown}
 e - a potion of invisibility {unknown}
 h - a potion of flight {unknown}
 k - a potion of might {unknown}
 n - a potion of attraction {unknown}
 q - 2 potions of heal wounds {unknown}
 u - 2 potions of ambrosia {unknown}

Dungeon Overview and Level Annotations

Branches:
Dungeon (5/15)
 Temple: D:4-7

Altars:
The Shining One

.........####.......
.........(##........
.........).#.#######
.............#
........<..<##
............####
..(...W.....)..#
..........####.#
.>......@## #
#####..(5(# #####)#
#(# ∆ #.=......
#........ .........
....o....
∆..........


You could see a phantom (paralysed), a white imp and an orc.


Message History

The phantom completely misses you. 😎 MP[-1]
You lost 1 mp, and now have 12/15 mp.
The centaur shoots an arrow.
The arrow hits you. 😕 HP[-6]
You take 6 damage, and now have 45/51 hp.
The phantom blinks! 😕 HP[+1] MP[+1]
The phantom blinks!
The magic dart hits the phantom.
Casting: Magic Dart (safe; 1% risk of failure)
Confirm with . or Enter, or press ? or * to list all spells.
Aiming: Searing Ray (safe; 1% risk of failure)
Press: ? - help, Shift-Dir - straight line, f - worker ant, p - phantom
Aim: a worker ant (severely wounded, 18% to evade)
The searing ray hits the worker ant!
You kill the worker ant! (Press . to maintain the ray.) 😕 MP[-2]
You lost 2 mp, and now have 11/15 mp.
The searing ray hits the centaur.
The centaur shoots an arrow.
The arrow hits you!
The centaur shoots an arrow.
The arrow hits you!
* * * LOW HITPOINT WARNING * * *
😨 HP[-25] MP[-1]
You take 25 damage, and now have 21/51 hp.
MASSIVE DAMAGE!! (PAUSE)
You lost 1 mp, and now have 10/15 mp.
The searing ray hits the centaur!
The centaur shoots an arrow.
The arrow hits you!
* * * LOW HITPOINT WARNING * * *
😱 HP[-11]
You take 11 damage, and now have 10/51 hp.
MASSIVE DAMAGE!! (PAUSE)
Casting: Searing Ray (safe; 1% risk of failure)
Confirm with . or Enter, or press ? or * to list all spells.
You erupt in a blast of force!
The mystic blast hits the centaur.
The mystic blast hits the phantom!
The phantom is knocked back by the mystic blast.
You hear a shout! x2
The centaur shoots an arrow.
The arrow barely misses you. 😱 HP[+1] MP[-4]
You lost 4 mp, and now have 6/15 mp.
Casting: Iskenderun's Mystic Blast (dangerous; 4% risk of failure)
Confirm with . or Enter, or press ? or * to list all spells.
You miscast Iskenderun's Mystic Blast.
You are very lightly contaminated with residual magic.
Nothing appears to happen.
The centaur unwields a +0 shortbow.
The centaur misses you. 😱 MP[-3]
You lost 3 mp, and now have 3/15 mp.
Casting: Iskenderun's Mystic Blast (dangerous; 4% risk of failure)
Confirm with . or Enter, or press ? or * to list all spells.
Aiming: Searing Ray (safe; 1% risk of failure)
Press: ? - help, Shift-Dir - straight line, f - orc
Aim: an orc, wielding a +0 club and wearing a +0 scale mail (16% to evade)
The searing ray hits the centaur.
You kill the centaur!
The searing ray hits the orc!
You kill the orc! (Press . to maintain the ray.)
You hear a shout!
The phantom hits you.
* * * LOW HITPOINT WARNING * * *
You have reached level 8!
You feel agile. 😱 HP[-2] MP[-2]
You now have 57 max hp (+6).
You lost 2 mp, and now have 1/16 mp.
The searing ray hits the orc priest!
You kill the orc priest!
The phantom blinks!
Your Fighting skill increases to level 3!
Your Short Blades skill increases to level 3!
Your Long Blades skill increases to level 3!
Your Axes skill increases to level 3!
Your Maces & Flails skill increases to level 3!
Your Polearms skill increases to level 3!
Your Staves skill increases to level 3!
Your Slings skill increases to level 3!
Your Bows skill increases to level 3!
Your Crossbows skill increases to level 3!
Your Throwing skill increases to level 3!
Your Armour skill increases to level 3!
Your Shields skill increases to level 3!
Your Unarmed Combat skill increases to level 3!
Your Evocations skill increases to level 3! 😱 MP[-1]
You now have 58 max hp (+1).
You lost 1 mp, and now have 0/16 mp.
Aiming: Paralyse
Press: ? - help, Shift-Dir - straight line, f - phantom
Aim: a phantom (severely damaged, chance to affect: 37%)
The phantom suddenly stops moving!
A white imp comes into view. 😱 MP[+1]
An orc comes into view. It is wielding a +0 club. 😱 HP[+1]
The white imp shouts, "Give up, thou twisted weather-bitten crab-lanthorn!"
You sock the white imp! The white imp spits at you.
The white imp gestures at you. The puff of frost hits you!
You die...

Skill      XL: |  1  2  3  4  5  6  7  8 |
---------------+-------------------------+-----
Spellcasting   | 5 |  5.8
Invocations    | 1 2 3 |  3.2
Fighting       | 1 2 3 |  3.0
Short Blades   | 1 2 3 |  3.0
Long Blades    | 1 2 3 |  3.0
Axes           | 1 2 3 |  3.0
Maces & Flails | 1 2 3 |  3.0
Polearms       | 1 2 3 |  3.0
Staves         | 1 2 3 |  3.0
Slings         | 1 2 3 |  3.0
Bows           | 1 2 3 |  3.0
Crossbows      | 1 2 3 |  3.0
Throwing       | 1 2 3 |  3.0
Armour         | 1 2 3 |  3.0
Shields        | 1 2 3 |  3.0
Unarmed Combat | 1 2 3 |  3.0
Evocations     | 1 2 3 |  3.0
Hexes          | 1 2 |  2.4
Summonings     | 1 2 |  2.4
Necromancy     | 1 2 |  2.4
Translocations | 1 2 |  2.4
Transmutations | 1 2 |  2.4
Fire Magic     | 1 2 |  2.4
Ice Magic      | 1 2 |  2.4
Air Magic      | 1 2 |  2.4
Earth Magic    | 1 2 |  2.4
Poison Magic   | 1 2 |  2.4
Dodging        | 5 |  5.5
Stealth        | 5 |  5.2
Conjurations   | |  7.5

Action                   |  1- 3 |  4- 6 |  7- 9 || total
-------------------------+-------+-------+-------++-------
Melee: Quarterstaff      |       |    11 |     6 ||    17
 Cast: Magic Dart        |    63 |    87 |    31 ||   181
       Searing Ray       |     1 |     7 |    11 ||    19
       Iskenderun's Myst |       |     2 |     1 ||     3
Evoke: Wand              |       |       |     1 ||     1
 Stab: Sleeping          |       |     1 |       ||     1
Armor: Robe              |       |     9 |     2 ||    11
Dodge: Dodged            |     1 |    25 |    16 ||    42

Levels and vault maps discovered:
D:1:      nicolae_arrival_washed_ashore, layout_basic, serial_forest,
          infiniplex_forest_straight_4, infiniplex_forest_clump_tiny,
          infiniplex_forest_clump_cross, infiniplex_forest_fountain,
          infiniplex_forest_corner_2, infiniplex_forest_straight_3,
          infiniplex_forest_lined_3, infiniplex_forest_clump_small
D:2:      layout_basic, minmay_quadrilaterals, uniq_crazy_yiuf_cottage
D:3:      layout_rooms, roderic_batcave, nrook_campfire
D:4:      layout_basic, general_overflow_altar, chequers_serial_rivers_micro_d
D:5:      layout_rooms, serial_shops, nicolae_shop_waterfront

Notes
Turn   | Place    | Note
-------+----------+-------------------------------------------
     0 | D:1      | phalm the Gnoll Conjurer began the quest for the Orb.
     0 | D:1      | Reached XP level 1. HP: 13/13 MP: 6/6
     0 | D:1      | magus.rc [v1.9.10]
   132 | D:1      | Reached XP level 2. HP: 19/19 MP: 3/7
   174 | D:1      | Learned a level 2 spell: Searing Ray
   626 | D:1      | Reached XP level 3. HP: 23/25 MP: 3/9
   631 | D:1      | Reached skill level 5 in Spellcasting
  1122 | D:2      | You pick up a book of Misfortune and begin reading...
  1122 | D:2      | You add the spells Confusing Touch, Gell's Gravitas,
                  | Petrify, Metabolic Englaciation and Yara's Violent
                  | Unravelling to your library.
  1235 | D:2      | Reached skill level 1 in Invocations
  1421 | D:2      | Reached skill level 1 in Fighting
  1421 | D:2      | Reached skill level 1 in Short Blades
  1421 | D:2      | Reached skill level 1 in Long Blades
  1421 | D:2      | Reached skill level 1 in Axes
  1421 | D:2      | Reached skill level 1 in Maces & Flails
  1421 | D:2      | Reached skill level 1 in Polearms
  1421 | D:2      | Reached skill level 1 in Staves
  1421 | D:2      | Reached skill level 1 in Slings
  1421 | D:2      | Reached skill level 1 in Bows
  1421 | D:2      | Reached skill level 1 in Crossbows
  1421 | D:2      | Reached skill level 1 in Throwing
  1421 | D:2      | Reached skill level 1 in Armour
  1421 | D:2      | Reached skill level 1 in Shields
  1421 | D:2      | Reached skill level 1 in Unarmed Combat
  1421 | D:2      | Reached skill level 1 in Evocations
  1512 | D:2      | Found a runed translucent door.
  1513 | D:2      | Noticed Crazy Yiuf
  1728 | D:2      | Killed Crazy Yiuf
  1729 | D:2      | Reached XP level 4. HP: 32/32 MP: 7/11
  1734 | D:2      | Learned a level 4 spell: Fulminant Prism
  1739 | D:2      | Learned a level 4 spell: Iskenderun's Mystic Blast
  1780 | D:3      | Reached skill level 1 in Hexes
  1780 | D:3      | Reached skill level 1 in Summonings
  1780 | D:3      | Reached skill level 1 in Necromancy
  1780 | D:3      | Reached skill level 1 in Translocations
  1780 | D:3      | Reached skill level 1 in Transmutations
  1780 | D:3      | Reached skill level 1 in Fire Magic
  1780 | D:3      | Reached skill level 1 in Ice Magic
  1780 | D:3      | Reached skill level 1 in Air Magic
  1780 | D:3      | Reached skill level 1 in Earth Magic
  1780 | D:3      | Reached skill level 1 in Poison Magic
  2061 | D:3      | Reached XP level 5. HP: 37/37 MP: 9/12
  2382 | D:3      | Reached skill level 2 in Invocations
  2382 | D:3      | Reached XP level 6. HP: 44/44 MP: 4/13
  2612 | D:4      | Noticed a phantom
  2619 | D:4      | Killed a phantom
  2620 | D:4      | Reached skill level 2 in Fighting
  2620 | D:4      | Reached skill level 2 in Short Blades
  2620 | D:4      | Reached skill level 2 in Long Blades
  2620 | D:4      | Reached skill level 2 in Axes
  2620 | D:4      | Reached skill level 2 in Maces & Flails
  2620 | D:4      | Reached skill level 2 in Polearms
  2620 | D:4      | Reached skill level 2 in Staves
  2620 | D:4      | Reached skill level 2 in Slings
  2620 | D:4      | Reached skill level 2 in Bows
  2620 | D:4      | Reached skill level 2 in Crossbows
  2620 | D:4      | Reached skill level 2 in Throwing
  2620 | D:4      | Reached skill level 2 in Armour
  2620 | D:4      | Reached skill level 5 in Dodging
  2620 | D:4      | Reached skill level 2 in Shields
  2620 | D:4      | Reached skill level 2 in Unarmed Combat
  2620 | D:4      | Reached skill level 2 in Evocations
  3012 | D:4      | Reached XP level 7. HP: 50/50 MP: 10/15
  3237 | D:4      | Found a glowing golden altar of the Shining One.
  3353 | D:4      | Reached skill level 2 in Hexes
  3353 | D:4      | Reached skill level 2 in Summonings
  3353 | D:4      | Reached skill level 2 in Necromancy
  3353 | D:4      | Reached skill level 2 in Translocations
  3353 | D:4      | Reached skill level 2 in Transmutations
  3353 | D:4      | Reached skill level 2 in Fire Magic
  3353 | D:4      | Reached skill level 2 in Ice Magic
  3353 | D:4      | Reached skill level 2 in Air Magic
  3353 | D:4      | Reached skill level 2 in Earth Magic
  3353 | D:4      | Reached skill level 2 in Poison Magic
  3591 | D:5      | Entered Level 5 of the Dungeon
  3595 | D:5      | Reached skill level 5 in Stealth
  3598 | D:5      | Reached skill level 3 in Invocations
  3742 | D:5      | HP: 10/51 [centaur/arrow (11)]
  3746 | D:5      | Reached XP level 8. HP: 9/57 MP: 1/16
  3747 | D:5      | Reached skill level 3 in Fighting
  3747 | D:5      | Reached skill level 3 in Short Blades
  3747 | D:5      | Reached skill level 3 in Long Blades
  3747 | D:5      | Reached skill level 3 in Axes
  3747 | D:5      | Reached skill level 3 in Maces & Flails
  3747 | D:5      | Reached skill level 3 in Polearms
  3747 | D:5      | Reached skill level 3 in Staves
  3747 | D:5      | Reached skill level 3 in Slings
  3747 | D:5      | Reached skill level 3 in Bows
  3747 | D:5      | Reached skill level 3 in Crossbows
  3747 | D:5      | Reached skill level 3 in Throwing
  3747 | D:5      | Reached skill level 3 in Armour
  3747 | D:5      | Reached skill level 3 in Shields
  3747 | D:5      | Reached skill level 3 in Unarmed Combat
  3747 | D:5      | Reached skill level 3 in Evocations
  3749 | D:5      | Killed from afar by a white imp

Vanquished Creatures
  A phantom (D:4)
  3 centaurs (D:5)
  2 vampire bats (D:3)
  2 orc priests
  Crazy Yiuf (D:2)
  A centaur skeleton (D:4)
  An orc wizard (D:4)
  2 iguanas (D:4)
  6 worker ants
  A hound skeleton (D:4)
  3 adders
  A howler monkey skeleton (D:4)
  3 oozes
  3 worms
  A dart slug (D:2)
  6 leopard geckos
  13 orcs
  2 ball pythons
  A giant cockroach (D:1)
  7 goblins
  4 hobgoblins
  14 jackals
  7 kobolds
  3 quokkas
  10 bats
  4 frilled lizards
  2 jackal skeletons (D:4)
  11 rats
115 creatures vanquished.

Table legend:
 A = Non-vault XP
 B = Vault XP
 C = Vault XP percentage of total XP
 D = Non-vault monster count
 E = Vault monster count
 F = Vault count percentage of total count
                 A         B        C        D         E       F
            +---------+---------+-------+---------+---------+-------
      Total |    1142 |     178 |  13.5 |     102 |      13 |  11.3
            +---------+---------+-------+---------+---------+-------
        D:1 |      46 |       0 |   0.0 |      25 |       0 |   0.0
        D:2 |      16 |      60 |  78.9 |       6 |       5 |  45.5
        D:3 |      88 |     118 |  57.3 |      31 |       8 |  20.5
        D:4 |     573 |       0 |   0.0 |      33 |       0 |   0.0
        D:5 |     419 |       0 |   0.0 |       7 |       0 |   0.0
            +---------+---------+-------+---------+---------+-------

Illustrated notes

Table legend:
 A = Kills in this place as a percentage of kills in entire the game.
 B = Kills by you in this place as a percentage of kills by you in the entire game.
 C = Kills by friends in this place as a percentage of kills by friends in the entire game.
 D = Other kills in this place as a percentage of other kills in the entire game.
 E = Experience gained in this place as a percentage of experience gained in the entire game.
 F = Experience gained in this place divided by the number of levels of this place that you have seen.
                   A       B       C       D       E      F
               +-------+-------+-------+-------+-------+----------------------
         Total | 100.0 | 100.0 |   N/A |   N/A | 100.0 | 264.0
       Dungeon | 100.0 | 100.0 |   N/A |   N/A | 100.0 | 264.0
               +-------+-------+-------+-------+-------+----------------------

Table legend: (Time is in decaauts)
 A = Elapsed time spent in this place.
 B = Non-inter-level travel time spent in this place.
 C = Inter-level travel time spent in this place.
 D = Time resting spent in this place.
 E = Time spent auto-exploring this place.
 F = Levels seen in this place.
 G = Mean time per level.
                   A        B        C        D        E       F      G
               +--------+--------+--------+--------+--------+-----+--------+
         Total |   3751 |   3655 |     96 |      0 |   3225 |   5 |  750.2 |
       Dungeon |   3751 |   3655 |     96 |      0 |   3225 |   5 |  750.2 |
               +--------+--------+--------+--------+--------+-----+--------+

Top non-repeatable levels by time:
     D:1: 1096 daAuts
     D:4: 1066 daAuts
     D:2: 735 daAuts
     D:3: 694 daAuts
     D:5: 157 daAuts
